 Dungeon Crawl Stone Soup version 0.26-a0-712-ga5a9c9c9d0 (webtiles) character file.

Game seed: 17969186723263025109

104 Grant146 the Chopper (level 4, -8/61 HPs)
             Began as a Minotaur Berserker on Nov 2, 2020.
             Was a Believer of Trog.
             Killed by nerve-wracking pain
             ... invoked by an orc priest
              (10 damage)
             ... on level 3 of the Dungeon.
             The game lasted 00:02:08 (2049 turns).

Grant146 the Chopper (Minotaur Berserker)           Turns: 2049, Time: 00:02:08

Health: -8/61      AC:  2    Str: 22    XL:     4   Next: 52%
Magic:  3/3        EV: 12    Int:  4    God:    Trog [**....]
Gold:   42         SH:  5    Dex: 10    Spells: 3/3 levels left

rFire    . . .     SeeInvis .   a - +0 hand axe
rCold    . . .     Faith    .   (no shield)
rNeg     . . .     Spirit   .   b - +0 animal skin
rPois    .         Reflect  +   (helmet restricted)
rElec    .         Harm     .   (no cloak)
rCorr    .         Rampage  .   (no gloves)
MR       .....                  (no boots)
Stlth    ..........             j - amulet of reflection
HPRegen  0.20/turn              (no ring)
MPRegen  0.08/turn              (no ring)

@: berserking, very quick
A: retaliatory headbutt, horns 2
a: Berserk, Trog's Hand, Renounce Religion


You were on level 3 of the Dungeon.
You worshipped Trog.
Trog was pleased with you.
You visited 1 branch of the dungeon, and saw 4 of its levels.

You collected 42 gold pieces.

Inventory:

Hand Weapons
 a - a +0 hand axe (weapon)
Armour
 b - a +0 animal skin (worn)
Jewellery
 j - an amulet of reflection (around neck)
Scrolls
 e - a scroll of fear {unknown}
 h - a scroll of enchant weapon {unknown}
 i - a scroll of random uselessness {unknown}
Potions
 c - a potion of lignification {unknown}
 d - a potion of stabbing {unknown}
 f - a potion of degeneration {unknown}
 g - a potion of curing {unknown}


   Skills:
 + Level 4.5 Fighting
 + Level 5.0 Axes
 + Level 2.8 Armour
 + Level 3.0 Dodging
 + Level 0.4 Stealth


You had 3 spell levels left.
You didn't know any spells.
Your spell library was empty.

Dungeon Overview and Level Annotations

Branches:
Dungeon (4/15)
 Temple: D:4-7

Altars:
Cheibriados

Shops:
D:4 *


Innate Abilities, Weirdness & Mutations

You reflexively headbutt those who attack you in melee.
You have a pair of horns on your head.


Message History

Your Dodging skill increases to level 3!
The orc hits you.
* * * LOW HITPOINT WARNING * * *
The orc priest calls down the wrath of Beogh upon you.
Pain shoots through your body!
* * * LOW HITPOINT WARNING * * *
You hit the orc but do no damage.
The orc is severely wounded.
Unknown command.
You slash the orc!
You feel the power of Trog in you as your rage grows.
You kill the orc!
Trog accepts your kill.
You hit the orc wizard.
The orc wizard gestures wildly while chanting.
The orc wizard flickers and vanishes!
Deactivating autopickup; reactivate with Ctrl-A.
The orc priest invokes the aid of Beogh against you.
Pain shoots through your body!
You die...

.......####...#
###.#### ##.##
....# #.####
##### #....#
######.#
#......#
#.####.##
###.).# #
#...#@#
.##.#.#.{[#
..$....#o##
.#......#
###.>### #..
#.. ...
######## .#.#


You could see an orc priest.

Vanquished Creatures
  A water moccasin skeleton (D:4)
  An adder (D:2)
  3 worms (D:2)
  3 leopard geckos (D:1)
  3 orcs
  2 giant cockroaches (D:1)
  5 goblins
  2 hobgoblins (D:1)
  2 jackals (D:1)
  4 bats
  2 frilled lizards
  2 kobolds
  3 rats
33 creatures vanquished.

Notes
Turn   | Place    | Note
-------+----------+-------------------------------------------
     0 | D:1      | Grant146 the Minotaur Berserker began the quest for the
                  | Orb.
     0 | D:1      | Reached XP level 1. HP: 19/19 MP: 0/0
   263 | D:1      | Reached XP level 2. HP: 27/27 MP: 1/1
   302 | D:1      | Reached skill level 4 in Axes
   938 | D:2      | Reached XP level 3. HP: 12/33 MP: 2/2
  1495 | D:2      | Found a snail-covered altar of Cheibriados.
  1958 | D:4      | Found Odateux's Assorted Antiques.
  1967 | D:4      | Reached skill level 5 in Axes
  1967 | D:4      | Reached XP level 4. HP: 6/41 MP: 3/3
  2046 | D:3      | Reached ** piety under Trog
  2046 | D:3      | HP: 3/61 [orc (1)]
  2049 | D:3      | Killed from afar by an orc priest

Illustrated notes

Levels and vault maps discovered:
D:1:      nicolae_arrival_memento_mori, layout_loops_ring, minmay_tetromino_l2
D:2:      layout_basic, overflow_temple_1_default, roderic_serpentine_path
D:3:      layout_loops_cross, nemelex_lonely_heart_becter
D:4:      layout_basic, kennysheep_little_box, lemuel_doored_altar,
          minmay_temple_entry_purple_smoke, serial_shops, shop, uniq_edmund,
          uniq_blork_the_orc

Skill      XL: |  1  2  3  4 |
---------------+-------------+-----
Axes           | 4 5 |  5.0
Fighting       | 4 |  4.5
Dodging        | 3 |  3.0
Armour         | |  2.8
Stealth        | |  0.4

Action                   |  1- 3 |  4- 6 || total
-------------------------+-------+-------++-------
Melee: Hand axe          |    81 |     3 ||    84
       Headbutt          |     8 |       ||     8
Invok: Berserk           |     2 |     1 ||     3
Armor: Animal skin       |    13 |       ||    13
Dodge: Dodged            |    45 |     1 ||    46
Block: Other             |       |     2 ||     2

Table legend: (Time is in decaauts)
 A = Elapsed time spent in this place.
 B = Non-inter-level travel time spent in this place.
 C = Inter-level travel time spent in this place.
 D = Time resting spent in this place.
 E = Time spent auto-exploring this place.
 F = Levels seen in this place.
 G = Mean time per level.
                   A        B        C        D        E       F      G
               +--------+--------+--------+--------+--------+-----+--------+
         Total |   2076 |   2039 |     37 |    365 |   1406 |   4 |  519.0 |
       Dungeon |   2076 |   2039 |     37 |    365 |   1406 |   4 |  519.0 |
               +--------+--------+--------+--------+--------+-----+--------+

Top non-repeatable levels by time:
     D:2: 1029 daAuts
     D:1: 837 daAuts
     D:3: 110 daAuts
     D:4: 98 daAuts
